Cogmind - Beta 16 @@@ ROGUE MODE // 2025.12.10 @ 15:45:15 Player: Boris Result: Destroyed by BF-1TT(R) with Subdweller Beam Cannon Performance ------------- Evolutions (0) 0 Regions Visited (2) 400 Robots Destroyed (23) 115 Value Destroyed (635) 635 Prototype IDs (2) 40 Alien Tech Used (0) 0 Bonus (-160) -160 TOTAL SCORE: 1030 Bonus ------- Friendly Fire -160 Cogmind --------- Core Integrity 0/250 Matter 154/300 Energy 88/200 System Corruption 2% Temperature Cool (9) Movement Treading (320) Ox2 Location -10/Subcaves Parts ------- > --- POWER (1) -------- Subdweller Power Source > --- PROPULSION (2) --- Light Treads Subdweller Monowheel > --- UTILITY (2) ------ High-capacity Storage Unit Subdweller Optics > --- WEAPON (2) ------- Barrage Gun Slug Cannon > --- INVENTORY (20) --- Light Nuclear Core Light Treads Light Treads High-capacity Matter Pod (200) Machine Analyzer Seismic Detector Transport Network Coupler Makeshift Hacking Suite Makeshift System Shield EM Pulse Gun EM Pulse Gun EM Pulse Gun Makeshift Laser Grenade Launcher Enhanced Flamer Peak State ------------ > --- POWER ------------ Subdweller Power Source > --- PROPULSION ------- Light Treads Subdweller Monowheel > --- UTILITY ---------- High-capacity Storage Unit Subdweller Optics > --- WEAPON ----------- Barrage Gun Slug Cannon > --- INVENTORY -------- Light Nuclear Core Light Treads Light Treads High-capacity Matter Pod Machine Analyzer Seismic Detector Transport Network Coupler Makeshift Hacking Suite Makeshift System Shield EM Pulse Gun EM Pulse Gun EM Pulse Gun Makeshift Laser Grenade Launcher Enhanced Flamer [Rating: 18] Favorites ----------- Power Ion Engine Engine Ion Engine Power Core Light Nuclear Core Propulsion Light Treads Treads Light Treads Wheel Subdweller Monowheel Utility High-capacity Storage Unit Device Seismic Detector Storage High-capacity Storage Unit Processor Targeting Computer Weapon EM Pulse Gun Energy Gun EM Pulse Gun Ballistic Gun Light Assault Rifle Ballistic Cannon Slug Cannon Launcher Grenade Launcher Build | -11 -10 -10 ------- Run | Yrd Mat Sub Slots Evolved . | . . . Power . | . . . Propulsion . | . . . Utility . | . . . Weapon . | . . . Parts Attached 32 | 6 8 18 Power 5 | 1 1 3 Engine 4 | 1 . 3 Core 1 | . 1 . Reactor . | . . . Propulsion 5 | 2 . 3 Treads 4 | 2 . 2 Leg . | . . . Wheel 1 | . . 1 Hover . | . . . Flight . | . . . Utility 8 | 1 5 2 Device 5 | . 3 2 Storage 2 | 1 1 . Processor 1 | . 1 . Hackware . | . . . Protection . | . . . Artifact . | . . . Weapon 14 | 2 2 10 Energy Gun 9 | 1 1 7 Energy Cannon . | . . . Ballistic Gun 3 | 1 . 2 Ballistic Cannon 1 | . . 1 Launcher 1 | . 1 . Special Weapon . | . . . Impact Weapon . | . . . Slashing Weapon . | . . . Piercing Weapon . | . . . Special Melee Weapon . | . . . Unidentified Prototypes . | . . . Parts Lost 10 | . 2 8 Power 2 | . . 2 Propulsion 1 | . . 1 Utility 3 | . 2 1 Weapon 4 | . . 4 Highest Loss Streak 3 | . 1 3 To Critical Strikes . | . . . Average Backups 14 | 1 9 19 Power 2 | . 2 1 Propulsion 2 | . . 3 Utility 5 | . 3 6 Weapon 5 | . 3 7 Tool/Special . | . . . Unused Backups 11 | . . 11 Power . | . . . Propulsion 2 | . . 2 Utility 7 | . . 7 Weapon 2 | . . 2 Tool/Special . | . . . Average Slot Usage (%) 98 | . 97 98 Engine 10 | . 7 13 Core 3 | . 6 . Treads 25 | . 28 24 Wheel 2 | . . 3 Device 12 | . 11 13 Storage 14 | . 14 14 Energy Gun 19 | . 13 23 Ballistic Gun 7 | . 14 2 Peak Build Rating 18 | 6 11 18 Average Rating 9 | 5 8 11 On Entrance 5 | . 6 11 Avg Prop Armor Cover (%) 12 | . . 12 Naked Turns . | . . . Heaviest Build 58 | 10 50 58 Greatest Support 40 | 40 40 40 Greatest Overweight (x) 2 | . 1 2 Average Overweight (x) . | . . 1 Largest Inventory Capacity 20 | 8 20 20 Average Capacity 18 | 7 17 20 Most Carried 20 | 3 20 20 Average Carried 14 | 1 9 19 Final Capacity 20 | 8 20 20 Final Carried 20 | 3 20 15 Class Distribution -------------------- 87% | Mutant 12% | Scavenger-Mutant Dominant Class ---------------- Mutant | -10/Materials Mutant | -10/Subcaves Resources | -11 -10 -10 ----------- Run | Yrd Mat Sub Matter Collected 1018 | 224 265 529 Remotely . | . . . Salvage Created 909 | 43 365 501 Parts 57 | 5 27 25 Haulers Intercepted 2 | . 2 . Recyclers Shooed . | . . . Parts Field Recycled . | . . . Retrieved Matter . | . . . Parts Self-Destructed 3 | . . 3 Prevented . | . . . Parts Restored . | . . . Kills | -11 -10 -10 ------- Run | Yrd Mat Sub Combat Hostiles Destroyed 18 | . 8 10 Guns 12 | . 5 7 AOE 5 | . 3 2 Classes Destroyed 9 | 2 4 3 Worker 1 | 1 . . Builder 1 | . 1 . Tunneler 1 | 1 . . Hauler 2 | . 2 . Swarmer 3 | . 3 . Grunt 5 | . 5 . Sentry 1 | . . 1 Subdweller 9 | . . 9 Scientist 1 | . . 1 Best Kill Streak 3 | 2 3 2 Combat Bots Only 3 | . 3 2 Max Kills in Single Turn 2 | 1 2 1 Gunslinging . | . . . Exploded 2 | . 2 1 Melee . | . . . Uniques/NPCs Destroyed . | . . . Combat | -11 -10 -10 -------- Run | Yrd Mat Sub Hostile Shots Fired 84 | . 33 51 Missed 23 | . 12 11 Hits 61 | . 21 40 Projectile 61 | . 21 40 Critical Strikes 2 | . 1 1 Damage Taken 1195 | . 256 939 Core 261 | . 28 233 Absorbed by Shields . | . . . Core Remaining (%) 100 | 100 . . Volleys Fired 123 | 19 36 68 Largest 2 | 2 2 2 Hottest 190 | 60 60 190 Shots Fired 217 | 37 69 111 Gun 201 | 37 66 98 Cannon 2 | . . 2 Launcher 14 | . 3 11 Special . | . . . Kinetic 71 | 19 34 18 Thermal 69 | 18 29 22 Explosive 14 | . 3 11 Electromagnetic 63 | . 3 60 Robot Hit Streak 32 | 6 13 32 Robot Miss Streak 4 | 2 4 4 Penetration Max . | . . . Secondary Targets 1 | . 1 . Max Gunslinging Chain 1 | . 1 . Shots Hit Robots 143 | 24 46 73 Core Hits 48 | 4 18 26 Critical Kills . | . . . Critical Parts Destroyed . | . . . Critical Strikes 3 | . . 3 Destroy 1 | . . 1 Corrupt 2 | . . 2 Melee Attacks . | . . . Impact . | . . . Slashing . | . . . Piercing . | . . . Sneak Attacks . | . . . Combat Hostiles . | . . . Follow-up Attacks . | . . . Damage Inflicted 2210 | 212 585 1413 Guns 1446 | 212 448 786 Cannons 21 | . . 21 Explosions 743 | . 137 606 Melee . | . . . Ramming . | . . . Kinetic 401 | 113 174 114 Thermal 705 | 99 274 332 Explosive 487 | . 137 350 Electromagnetic 617 | . . 617 Impact . | . . . Slashing . | . . . Piercing . | . . . Highest Corruption 2 | . 2 2 Average Corruption 1 | . 1 2 Corruption Purged . | . . . Corruption Blocked . | . . . Effects 40 | . 17 23 Message Errors 11 | . 4 7 Matter Fused 10 | . 5 5 Heat Flow Errors 5 | . 4 1 Energy Discharges 4 | . 1 3 Parts Fused 1 | . . 1 Data Loss (minor) 5 | . 2 3 Data Loss (major) 1 | . . 1 Misfires 2 | . 1 1 Alerts 1 | . . 1 Overload Shots 12 | . . 12 Effects 2 | . . 2 Heat Surge 1 | . . 1 Short Circuit 1 | . . 1 Overflow Damage 44 | . 35 9 Projectiles . | . . . Explosions 44 | . 35 9 Melee . | . . . Knockbacks . | . . . Impact . | . . . Kinetic . | . . . Secondary . | . . . Self-Inflicted Damage 64 | . . 64 Shots 4 | . . 4 Rammed . | . . . Targets Rammed . | . . . Kicked . | . . . Crushed . | . . . Highest Temperature 249 | 40 249 210 Average Temperature 61 | 20 67 83 Received Heat Transfer 291 | . 147 144 Siege Activations . | . . . Martial Activations . | . . . Shielding Activations . | . . . Robots Disrupted . | . . . Combat Hostiles . | . . . Robots Corrupted 1 | . . 1 Combat Hostiles 1 | . . 1 Parts Fried 3 | . . 3 Impact Corruptions . | . . . Robots Melted . | . . . Combat Hostiles . | . . . Parts Melted 1 | . 1 . Heat Transferred 1225 | 225 625 375 Parts Sabotaged . | . . . Parts Stolen . | . . . Parts Stripped . | . . . Power Chain Reactions 3 | . . 3 Alert | -11 -10 -10 ------- Run | Yrd Mat Sub Maximum Alert Level . | . . . Low Security (%) 100 | 100 100 . Level 1 . | . . . Level 2 . | . . . Level 3 . | . . . Level 4 . | . . . Level 5 . | . . . High Security . | . . . Max Security . | . . . Peak Influence 82 | 5 82 . Initial . | . . . Average 14 | . 16 . Influence Increases 306 | 10 276 20 Destroy 0b10 Robot/C 180 | . 160 20 Destroy 0b10 Robot/NC 25 | 10 15 . Destroy Leader 34 | . 34 . Successful Hack 19 | . 19 . Select Force Hacks 30 | . 30 . Destroy Structure 18 | . 18 . Influence Decreases 306 | 10 276 20 Time Decay 286 | 10 256 20 Lost Part 20 | . 20 . Squads Dispatched 2 | . 2 . Investigation 1 | . 1 . Extermination . | . . . Reinforcement 1 | . 1 . Assault . | . . . Garrison . | . . . Intercept . | . . . Searches Triggered . | . . . Construction Impeded . | . . . Haulers Reinforced . | . . . Active Scanning Responses . | . . . Cargo Convoy Interrupts . | . . . Stealth | -11 -10 -10 --------- Run | Yrd Mat Sub Distress Signals . | . . . Communications Jammed . | . . . Distress Signals . | . . . Times Spotted 32 | . 20 12 Peak Tracking Total 4 | . 4 2 Tactical Retreats . | . . . Traps | -11 -10 -10 ------- Run | Yrd Mat Sub Traps Triggered 2 | . 2 . Indirectly . | . . . Trap Hack Attempts . | . . . Triggered . | . . . Disarmed . | . . . Reprogrammed . | . . . Reused 1 | . . 1 Traps Extracted . | . . . Installed 1 | . . 1 Triggered . | . . . Most Traps Carried 1 | . . 1 Machines | -11 -10 -10 ---------- Run | Yrd Mat Sub Machines Disabled . | . . . Max in Single Turn . | . . . Machines Repaired . | . . . Machines Dismantled . | . . . Machines Sabotaged . | . . . Overloaded Fab Kills . | . . . Hacking | -11 -10 -10 --------- Run | Yrd Mat Sub Machines Accessed 3 | . 3 . Terminals 2 | . 2 . Fabricators . | . . . Repair Stations . | . . . Recycling Units 1 | . 1 . Scanalyzers . | . . . Garrison Access . | . . . Total Hacks 17 | . 17 . Successful 11 | . 11 . Failed 6 | . 6 . Catastrophic 2 | . 2 . Database Lockouts . | . . . Manual 12 | . 12 . Terminals 12 | . 12 . Fabricators . | . . . Repair Stations . | . . . Recycling Units 5 | . 5 . Scanalyzers . | . . . Garrison Access . | . . . Terminal Hacks 2 | . 2 . Robot Schematic 1 | . 1 . Prototype ID Bank 1 | . 1 . Fabricator Hacks . | . . . Repair Station Hacks . | . . . Recycling Unit Hacks 1 | . 1 . Retrieve Components 1 | . 1 . Scanalyzer . | . . . Garrison Access Hacks . | . . . Unauthorized Hacks 7 | . 7 . Terminals 6 | . 6 . Track 1 | . 1 . Botnet 2 | . 2 . Operators 1 | . 1 . Skim 2 | . 2 . Fabricators . | . . . Repair Stations . | . . . Recycling Units 1 | . 1 . Tunnel 1 | . 1 . Scanalyzers . | . . . Garrison Access . | . . . Data Cores Recovered . | . . . Used . | . . . Hacking Detections 3 | . 3 . Full Trace Events . | . . . Feedback Events . | . . . Feedback Blocked . | . . . Robot Schematics Acquired 1 | . 1 . Robots Built . | . . . Authchips . | . . . Time . | . . . Total Robot Build Rating . | . . . Part Schematics Acquired . | . . . Parts Built . | . . . Authchips . | . . . Time . | . . . Total Part Build Rating . | . . . Part Studies Acquired . | . . . Parts Repaired . | . . . Time . | . . . Parts Recycled . | . . . Recycled Matter . | . . . Retrieved Matter . | . . . Retrieved Components . | . . . Parts Scanalyzed . | . . . Part Schematics Acquired . | . . . Parts Damaged . | . . . Bothacking | -11 -10 -10 ------------ Run | Yrd Mat Sub Used RIF Installer . | . . . Robots Hacked . | . . . Non-combat . | . . . Combat . | . . . Robot Hacks Applied . | . . . Relay Couplers Released . | . . . Fabnet Peak Effective % . | . . . Robots Rewired . | . . . Allies Hacked . | . . . Hacks Repelled . | . . . Allies | -11 -10 -10 -------- Run | Yrd Mat Sub Total Allies . | . . . Largest Group . | . . . Highest-Rated Group . | . . . Highest-Rated Ally . | . . . Total Orders . | . . . Ally Attacks . | . . . Total Damage . | . . . Kills . | . . . Allies Corrupted . | . . . Allies Melted . | . . . Intel | -11 -10 -10 ------- Run | Yrd Mat Sub Active Infowar (turns) 1987 | . 448 1539 Optics 239 | . . 239 Structural 235 | . . 235 Seismic 1513 | . 448 1065 Robot Analysis Total . | . . . Derelict Logs Recovered 1 | . . 1 Drone Launches . | . . . Drone Recoveries . | . . . Exploration | -11 -10 -10 ------------- Run | Yrd Mat Sub Turns Passed 3353 | 186 1324 1843 Spaces Moved 1366 | 80 540 746 Core 5 | 5 . . Treads 1122 | 75 540 507 Legs . | . . . Wheels 239 | . . 239 Hover . | . . . Flight . | . . . Fastest Speed 50 | 50 160 130 Average Speed 205 | 153 214 204 Slowest Speed 240 | 160 240 240 Overloaded Moves . | . . . Propulsion Burnouts . | . . . Robots Hopped . | . . . Potential Cave-ins . | . . . Cave-ins Triggered . | . . . Exploration Rate (%) 40 | 5 66 49 Regions Visited 2 Branch Regions 1 Pre-discovered Areas 2 | . 1 1 Known Exits Taken . | . . . Unknown Exits Taken 2 | 1 1 . Scrap Searched 6 | . . 6 Spaces Dug 18 | . 2 16 Terrain Destroyed 84 | . 22 62 Melee . | . . . Projectile 1 | . . 1 AOE 83 | . 22 61 Terrain Rammed . | . . . Walls Destroyed . | . . . Machines Disabled . | . . . Actions | -11 -10 -10 --------- Run | Yrd Mat Sub Total 1698 | 107 639 952 Wait 114 | . 33 81 Move 1364 | 79 539 746 Hop . | . . . Pick Up 30 | 3 17 10 Fast Attach 12 | 6 2 4 Attach 11 | . 2 9 Detach 3 | . 1 2 Swap 27 | . 8 19 Drop 13 | . 1 12 Fire 123 | 19 36 68 Melee . | . . . Ram . | . . . Kick . | . . . Crush . | . . . Escape Stasis . | . . . Rewire . | . . . Trap 1 | . . 1 Miscellaneous . | . . . Route ------- -11/Scrapyard -10/Materials (discovered 4 exits: [*Mat] / [*Min x2] / [*Sub]) -10/Subcaves History --------- Turn | Location | Event 4 | -11/Scrapyard | Discovered new exit (range 16) 187 | -11/Scrapyard | Entered Materials 303 | -10/Materials | Build established: Mutant 477 | -10/Materials | Discovered new exit (range 13) 546 | -10/Materials | Discovered new exit (range 7) 725 | -10/Materials | Discovered new exit (range 16) 1211 | -10/Materials | Discovered new exit (range 7) 1511 | -10/Materials | Entered Subcaves 1512 | -10/Subcaves | Approached by a straggling Scientist 1684 | -10/Subcaves | Shifting Twisted Machinery released Riot Gun 1726 | -10/Subcaves | Shifting Twisted Machinery released Barrage Gun 3020 | -10/Subcaves | Core integrity fell below 50% 3177 | -10/Subcaves | Core integrity fell below 20% 3301 | -10/Subcaves | Shifting Twisted Machinery released Slug Cannon 3310 | -10/Subcaves | Shifting Twisted Machinery released Mak. Flight Unit 3354 | -10/Subcaves | Destroyed by BF-1TT(R) with Subdweller Beam Cannon Last Messages --------------- 03174_ Destroyed Scrap Shield. 03176_ V5-VAV(R) destroyed. 03177_ The unstable cave ceiling collapses. 03180_ System corrupted: Heat flow error (+135). 03182_ The unstable cave ceiling collapses. 03183_ Acquired Sub. Machine Gun. 03187_ Acquired 4 matter. 03202_ The unstable cave ceiling collapses. 03216_ System corrupted: Energy discharge (-100). Slug Cannon falls loose from the Twisted Machinery. 03303_ Acquired 12 matter. 03304_ Acquired 31 matter. Mak. Flight Unit falls loose from the Twisted Machinery. 03312_ Acquired Slug Cannon. 03321_ BF-1TT(R): "SUBHATE!" 03341_ System corrupted: Matter fused (-9). 03348_ Lgt. Treads destroyed. 03350_ Sub. Machine Gun destroyed. 03352_ Ion Engine destroyed. 03354_ BF-1TT(R) suffers critical hit (Destroy). Map ----- +----------------------------------------------------+ | & ####?????????????????????????? | | %& ## ###??????????????????????????? | | & ###### ### ###???????????????????????????? | | ############ ######???????????????????????????? | | #####??##############????????????????????????????? | | #####?????????####???????????????????????????????? | | ?# #?????????????????????????????????????????????? | | # #?????????????????????????????????????????????? | | #?????????????????????????????????????????????? | | #?????????????????????????????????????????????? | | ##????????????????????????????????????????????? | | #????????????????????????????????????????????? | | #????????????????????????????????????????????? | | #????????????????????????????????????????????? | | #?????????????????????????????????????????????? | | #?????????????????????????????????????????????? | | #?????????????????????????????????????????????? | | #??????????????????????????????????????????????? | | ##???????????????????????#######????????????????? | | #???????????#######?????## """##???????????????? | | ###?????##### ##???## """"#???????????????? | | #??#### # # ##### """""#???????????????? | | ##??# """"" " "" #????? ?????????? | | ###???## ### """ ### """## ???????? | | ??????## # # # #?## """""&#? "" " ?????????? | | ??????# ########?## """@### ="" " ????????? | | ??????## ##????# " """" ""????? | | ?????## ##???## R ""????? | | ###### #????## ###### ## ??? | | # ####?????###?????#; #####????????? | | ###?????????????????## #????????????? | | #?????????????????????# ##????????????? | | " #?????????????????????? ##?????????????? | | " #??????????????????????###??????????????? | | " ##??????????????????????????????????????? | | " #??????????????????????????????????????? | | "" #### ##??????????????????????????????????????? | | " #??####???????????????????????????????????????? | | " #?????????????????????????????????????????????? | | #?????????????????????????????????????????????? | | #????????????????????????????????????????????? | | #????????????????????????????????????????????? | | # #????????????????????????????????????????????? | | #####????????????????????????????????????????????? | | ?????????????????????????????????????????????????? | | ?????????????????????????????????????????????????? | | ?????????????????????????????????????????????????? | | ?????????????????????????????????????????????????? | | ?????????????????????????????????????????????????? | | ?????????????????????????????????????????????????? | +----------------------------------------------------+ Best States ------------- Heat Dissipation 35 Energy Generation 14 Energy Capacity 250 Matter Stores 300 Matter Capacity 300 Sight Range 21 Terrain Scan Density 10 Evasion (%) 40 Targeting Accuracy 5 Recoil Reduction 2 Item Schematics ----------------- None Robot Schematics ------------------ M-13 Machinist | -10/Materials | Hacked Fabricated ------------ Nothing Repaired ---------- Nothing Studied --------- None Alien Tech Used ----------------- None Achievements -------------- None Challenges ------------ None Game ------ Seed IonicBattleHammerchucker Manual? 0 Play Time 00:20:22 Cumulative 695.7 hours Start 2025.12.10 @ 15:23:46 End 2025.12.10 @ 15:45:15 Sessions 1 Manual Loads 0 Difficulty Rogue Special Mode None Game No. 227 Rogue 211 Adventurer 15 Explorer 1 Win Type - Total 40 Types 10/4/10/2/2/0/6/3/1/2 Lore% 94 Gallery% 90 Achievement% 69 Wizard Run 0 Options --------- Layout 0 ASCII 0 Keyboard 0 Movement Numpad Keybinds 0 Fullscreen 1 Font 18/SmallcapsGlow Map View 76x50 Zoom Use 0% Tactical HUD 1 Map Filters NONE Filters NONE Steam 1 RUN: 6227515b-64f2-4f48-bf67-49eccac4d304